 Dungeon Crawl Stone Soup version 0.29-a0-121-g8efb068a30 (console) character file.

Game seed: 15344117142899236647

812942 Gather the Cloud Mage (level 27, -21/171 (206) HPs)
             Began as a Mummy Conjurer on Feb 6, 2022.
             Was a High Priest of Ashenzari.
             Demolished by an iron giant (54 damage)
             ... on level 3 of the Iron City of Dis on Feb 20, 2022.
             The game lasted 15:03:23 (147229 turns).

Gather the Cloud Mage (Mummy Conjurer)            Turns: 147229, Time: 15:03:24

HP:   -21/171 (206) AC: 25    Str: 14 (15) XL:     27
MP:   20/55         EV: 12    Int: 23 (27) God:    Ashenzari [*****.]
Gold: 7160          SH: 20    Dex:  9 (11) Spells: 0/64 levels left

rFire   + + +      SeeInvis +   n - +10 long sword {vorpal, rF+ MP+9 Stlth+, Fort, Bglg} (curse)
rCold   + + +      Faith    .   r - +2 shield of Resistance {rF++ rC++ Will++, Bglg, Melee} (curse)
rNeg    + + +      Spirit   .   e - +4 fire dragon scales
rPois   ∞          Reflect  +   U - +2 helmet "Oracular Jealousy" {Int+3, Comp, Fort} (curse)
rElec   +          Harm     .   a - +2 cloak of Ashenzari's Loss {Self, Bglg} (curse)
rCorr   +          Rampage  .   s - +2 pair of gloves of Panopticon {Stlth+, Fort, Cun} (curse)
Will    +++++      Clarity  +   z - +1 pair of boots of the Mantic Negation {Evo, Cun} (curse)
Stlth   ++++++....              q - amulet "Tethered Gnosis" {Reflect SH+5, Evo, Elem} (curse)
HPRegen 0.38/turn               K - ring of the Tethered Dismay {Wiz, Comp, Alch} (curse)
MPRegen 0.34/turn               M - ring of Supernal Gnosis {rElec rC++ rCorr Str+2 Int-4, Elem, Comp} (curse)

@: very slightly contaminated, studying 4 skills, heavily drained, corroded
A: cold resistance 1, negative energy resistance 3, torment resistance 2, heat
vulnerability 1, in touch with death 2, no potions
}: 6/15 runes: serpentine, barnacled, slimy, silver, abyssal, dark
a: Renounce Religion, Curse Item, Shatter the Chains


You were on level 3 of the Iron City of Dis.
You worshipped Ashenzari.
Ashenzari was extremely pleased with you.
You visited 15 branches of the dungeon, and saw 62 of its levels.
You visited Pandemonium 1 time, and saw 5 of its levels.
You visited the Abyss 4 times.
You visited 1 bazaar.
You also visited: Ice Cave and Wizlab.

You collected 10190 gold pieces.
You spent 3030 gold pieces at shops.

Inventory:

Hand Weapons
 n - the cursed +10 long sword of Supernal Gnosis (weapon) {vorpal, rF+ MP+9 Stlth+, Fort, Bglg}
   (You found it on level 2 of the Snake Pit)

   It inflicts extra damage upon your enemies.
   rF:        It protects you from fire.
   MP:        It affects your magic capacity (+9).
   Stlth:     It makes you more stealthy.
   It has a curse which improves the following skills: Fortitude: Armour and
   Shields.
   Beguiling: Conjurations, Hexes and Translocations.
Missiles
 x - 8 curare-tipped darts
 B - 2 throwing nets
 X - 34 poisoned darts (quivered)
Armour
 a - the cursed +2 cloak of Ashenzari's Loss (worn) {Self, Bglg}
   (You found it on level 14 of the Dungeon)

   It has a curse which improves the following skills: Introspection: Fighting
   and Spellcasting.
   Beguiling: Conjurations, Hexes and Translocations.
 e - +4 fire dragon scales (worn)
 r - the cursed +2 shield of Resistance (worn) {rF++ rC++ Will++, Bglg, Melee}
   (You found it on level 13 of the Dungeon)

   rF:        It greatly protects you from fire.
   rC:        It greatly protects you from cold.
   Will:      It greatly increases your willpower.
   It has a curse which improves the following skills: Beguiling: Conjurations,
   Hexes and Translocations.
   Melee Combat: Short Blades, Long Blades, Axes, Maces & Flails, Polearms,
   Staves and Unarmed Combat.
 s - the cursed +2 pair of gloves of Panopticon (worn) {Stlth+, Fort, Cun}
   (You found it in an ice cave)

   It has a curse which improves the following skills: Fortitude: Armour and
   Shields.
   Cunning:   Dodging and Stealth.
 u - quicksilver dragon scales
 z - the cursed +1 pair of boots of the Mantic Negation (worn) {Evo, Cun}
   (You found it on level 7 of the Dungeon)

   It has a curse which improves the following skills: Evocations: Evocations.
   Cunning:   Dodging and Stealth.
 U - the cursed +2 helmet "Oracular Jealousy" (worn) {Int+3, Comp, Fort}
   (You found it on level 3 of the Elven Halls)

   It has a curse which improves the following skills: Companions: Summonings
   and Necromancy.
   Fortitude: Armour and Shields.
 Z - a +1 pair of boots of rampaging
Magical Staves
 D - a staff of air
Jewellery
 i - a +4 ring of protection
 m - a ring of flight
 p - a ring of wizardry
 q - the cursed amulet "Tethered Gnosis" (around neck) {Reflect SH+5, Evo, Elem}
   (You found it on level 1 of the Vaults)

   [amulet of reflection]

   It reflects blocked missile attacks.
   SH:        It affects your SH (+5).
   It has a curse which improves the following skills: Evocations: Evocations.
   Elements:  Fire Magic, Ice Magic, Air Magic and Earth Magic.
 v - the ring "Ugiyn" {rC+ EV+4}
   (You took it off a deep elf archer on level 3 of the Elven Halls)

   [ring of evasion]

   EV:        It affects your evasion (+4).
   rC:        It protects you from cold.
 w - a ring of protection from cold
 y - a +4 ring of protection
 H - the ring "Ruuxycel" {Fire rCorr Str+2}
   (You took it off a deep elf death mage on level 3 of the Elven Halls)

   [ring of fire]

   It enhances your fire magic.
   Str:       It affects your strength (+2).
   rF:        It protects you from fire.
   rC:        It makes you vulnerable to cold.
   rCorr:     It protects you from acid and corrosion.
 K - the cursed ring of the Tethered Dismay (left hand) {Wiz, Comp, Alch}
   (You found it on level 4 of the Shoals)

   [ring of wizardry]

   It improves your spell success rate.
   It has a curse which improves the following skills: Companions: Summonings
   and Necromancy.
   Alchemy:   Poison Magic and Transmutations.
 M - the cursed ring of Supernal Gnosis (right hand) {rElec rC++ rCorr Str+2 Int-4, Elem, Comp}
   (You found it on level 2 of the Lair of Beasts)

   [ring of resist corrosion]

   Str:       It affects your strength (+2).
   Int:       It affects your intelligence (-4).
   rC:        It greatly protects you from cold.
   rElec:     It insulates you from electricity.
   rCorr:     It protects you from acid and corrosion.
   It has a curse which improves the following skills: Elements: Fire Magic, Ice
   Magic, Air Magic and Earth Magic.
   Companions: Summonings and Necromancy.
 R - a ring of protection from fire
Wands
 l - a wand of flame (61)
 t - a wand of polymorph (43)
 F - a wand of acid (7)
 I - a wand of mindburst (41)
 P - a wand of iceblast (38)
 W - a wand of digging (13)
 Y - a wand of paralysis (9)
Scrolls
 c - 7 scrolls of blinking
 f - 3 scrolls of summoning
 g - 5 scrolls of fear
 j - 25 scrolls of teleportation
 k - 3 scrolls of magic mapping
 o - 10 scrolls of enchant weapon
 C - 3 scrolls of fog
 E - 2 scrolls of amnesia
 O - 3 scrolls of brand weapon
 S - 4 scrolls of torment
 V - 2 scrolls of silence
Miscellaneous
 b - a condenser vane
 d - the horn of Geryon
 h - a box of beasts
 A - a lightning rod (4/4)
 Q - a phantom mirror
 T - a phial of floods


   Skills:
 - Level 12.4(14.6) Fighting
 - Level 14.1(16.3) Long Blades
 - Level 1.9 Throwing
 - Level 14.0(18.4) Armour
 - Level 10.7(14.1) Dodging
 - Level 10.8(14.3) Stealth
 - Level 12.0(16.4) Shields
 - Level 16.8(19.0) Spellcasting
 - Level 20.9(25.0) Conjurations
 - Level 9.5(14.0) Hexes
 - Level 5.6(10.0) Summonings
 + Level 14.7(19.2) Necromancy
 - Level 2.0(5.2) Translocations
 - Level 12.0(14.2) Transmutations
 - Level 21.6(24.6) Air Magic
 - Level 9.7(13.1) Earth Magic
 - Level 8.6(12.1) Evocations


You couldn't memorise any spells.
You knew the following spells:

 Your Spells              Type           Power      Damage    Failure   Level
a - Lehudib's Crystal Sp  Conj/Erth      41%        10d10     12%         8
c - Chain Lightning       Conj/Air       47%        3d62      16%         9
d - Orb of Destruction    Conj           47%        9d12      1%          7
e - Swiftness             Air            94%        N/A       0%          3
f - Fulminant Prism       Conj/Hex       42%        3d20      1%          4
i - Infestation           Necr           64%        N/A       11%         8
m - Maxwell's Capacitive  Air            47%        ∞         1%          8
q - Blink                 Tloc           90%        N/A       1%          2
s - Spellforged Servitor  Conj/Summ      40%        N/A       2%          7
v - Vampiric Draining     Necr           100%       2d13      0%          3
x - Irradiate             Conj/Tmut      42%        3d28      1%          5

Your spell library contained the following spells:

 Spells                   Type           Power      Damage    Failure   Level
 Animate Skeleton         Necr           100%       N/A       0%          1
 Magic Dart               Conj           100%       1d8       0%          1
 Pain                     Necr           100%       1d9       0%          1
 Corpse Rot               Necr/Air       100%       N/A       0%          2
 Searing Ray              Conj           100%       2d8       0%          2
 Static Discharge         Conj/Air       94%        N/A       0%          2
 Dazzling Flash           Conj/Hex       100%       N/A       0%          3
 Stone Arrow              Conj/Erth      100%       3d13      0%          3
 Airstrike                Air            47%        N/A       0%          4
 Iskenderun's Battlesphe  Conj           95%        2d14      0%          5
 Lightning Bolt           Conj/Air       47%        1d67      0%          5
 Apportation              Tloc           90%        N/A       1%          1
 Foxfire                  Conj/Fire      100%       2x1d9     1%          1
 Sandblast                Erth           100%       2d20      1%          1
 Sting                    Tmut/Pois      100%       1d8       1%          1
 Summon Small Mammal      Summ           100%       N/A       1%          1
 Call Imp                 Summ           61%        N/A       1%          2
 Ensorcelled Hibernation  Hex/Ice        100%       N/A       1%          2
 Passwall                 Tmut/Erth      59%        N/A       1%          2
 Poisonous Vapours        Pois/Air       100%       N/A       1%          2
 Call Canine Familiar     Summ           61%        N/A       1%          3
 Conjure Flame            Conj/Fire      69%        6-21      1%          3
 Gell's Gravitas          Tloc           45%        N/A       1%          3
 Inner Flame              Hex/Fire       53%        N/A       1%          3
 Lesser Beckoning         Tloc           45%        N/A       1%          3
 Mephitic Cloud           Conj/Pois/Air  78%        N/A       1%          3
 Portal Projectile        Hex/Tloc       100%       N/A       1%          3
 Summon Guardian Golem    Hex/Summ       67%        N/A       1%          3
 Teleport Other           Tloc           45%        N/A       1%          3
 Tukima's Dance           Hex            72%        N/A       1%          3
 Anguish                  Hex/Necr       60%        N/A       1%          4
 Animate Armour           Summ/Erth      100%       N/A       1%          4
 Animate Dead             Necr           64%        N/A       1%          4
 Cause Fear               Hex            36%        N/A       1%          4
 Dispel Undead            Necr           100%       3d31      1%          4
 Flame Wave               Conj/Fire      69%        2d13      1%          4
 Hailstorm                Conj/Ice       69%        3d14      1%          4
 Iskenderun's Mystic Bla  Conj/Tloc      74%        2d15      1%          4
 Leda's Liquefaction      Hex/Erth       35%        N/A       1%          4
 Petrify                  Tmut/Erth      71%        N/A       1%          4
 Sticky Flame             Conj/Fire      69%        2d8       1%          4
 Summon Lightning Spire   Summ/Air       80%        N/A       1%          4
 Agony                    Necr           100%       N/A       1%          5
 Borgnjor's Vile Clutch   Necr/Erth      60%        N/A       1%          5
 Excruciating Wounds      Necr           64%        N/A       1%          5
 Fireball                 Conj/Fire      34%        3d14      1%          5
 Freezing Cloud           Conj/Ice/Air   39%        6-21      1%          5
 Lee's Rapid Deconstruct  Erth           35%        3d19*     1%          5
 Silence                  Hex/Air        42%        N/A       1%          5
 Summon Mana Viper        Hex/Summ       67%        N/A       1%          5
 Conjure Ball Lightning   Conj/Air       47%        3x3d16    1%          6
 Death Channel            Necr           64%        N/A       1%          6
 Iron Shot                Conj/Erth      41%        9d8       1%          6
 Freeze                   Ice            96%        1d11      3%          1
 Starburst                Conj/Fire      34%        6d10      3%          6
 Passage of Golubria      Tloc           45%        N/A       5%          4
 Summon Ice Beast         Ice/Summ       45%        N/A       5%          4
 Summon Forest            Summ/Tloc      27%        N/A       5%          5
 Scorch                   Fire           48%        2d7       6%          2
 Alistair's Intoxication  Tmut/Pois      35%        N/A       6%          5
 Frozen Ramparts          Ice            48%        1d6       11%         3
 Summon Cactus Giant      Summ           30%        N/A       11%         6
 Enfeeble                 Hex            36%        N/A       12%         7
 Manifold Assault         Tloc           45%        N/A       14%         5
 Olgreb's Toxic Radiance  Pois           23%        N/A       34%         4
 Summon Hydra             Summ           30%        N/A       50%         7
 Dispersal                Tloc           22%        N/A       58%         6
 Malign Gateway           Summ/Tloc      27%        N/A       82%         7
 Summon Horrible Things   Summ           30%        N/A       98%         8
 Ozocubu's Refrigeration  Ice            12%        4d7       100%        7
 Ignition                 Fire           12%        3d6       100%        8
 Dragon's Call            Summ           30%        N/A       100%        9
 Fire Storm               Conj/Fire      34%        8d9       100%        9
 Shatter                  Erth           35%        3d28*     100%        9
 Sublimation of Blood     Necr           Unusable   N/A       N/A         2
 Wereblood                Tmut           Unusable   N/A       N/A         2
 Blade Hands              Tmut           Unusable   N/A       N/A         5
 Storm Form               Tmut/Air       Unusable   N/A       N/A         7
 Dragon Form              Tmut           Unusable   N/A       N/A         7
 Borgnjor's Revivificati  Necr           Unusable   N/A       N/A         8
 Necromutation            Tmut/Necr      Unusable   N/A       N/A         8

Dungeon Overview and Level Annotations

Branches:
Dungeon (15/15)            Temple (1/1) D:4            Lair (6/6) D:9
 Shoals (4/4) Lair:2        Snake (4/4) Lair:2        Slime (5/5) Lair:5
    Orc (2/2) D:12            Elf (3/3) Orc:2        Vaults (5/5) D:13
  Crypt (3/3) Vaults:2       Tomb (0/3) Crypt:3      Depths (4/4) D:15
   Hell (visited)             Dis (3/7) Hell            Geh (0/7) Hell
    Coc (1/7) Hell            Tar (0/7) Hell            Zot (5/5) Depths:4
  IceCv (visited)          WizLab (visited)

Altars:
Ashenzari
Cheibriados
Dithmenos
Elyvilon
Fedhas
Gozag
Hepliaklqana
Kikubaaqudgha
Makhleb
Nemelex Xobeh
Okawaru
Qazlal
Ru
Sif Muna
Trog
Uskayaw
Vehumet
Wu Jian
Xom
Yredelemnul
Zin
The Shining One
Beogh
Jiyva

Shops:
Orc:2 ([[*   Elf:1 !((   Shoals:3 [(*   Snake:4 [:   Vaults:1 *   Vaults:3 (
Vaults:4 [!*   Vaults:5 *   Depths:1 !(**   Depths:4 =:=

Portals:
Hell: Depths:1 Depths:2 Depths:3 Depths:4
Abyss: Depths:2 Depths:3
Pandemonium: Depths:3
Ziggurat: Depths:4
Trove: D:11 (give 2 scrolls of acquirement)


Innate Abilities, Weirdness & Mutations

You are immune to poison.
Your flesh is cold resistant. (rC+)
You are immune to negative energy. (rN+++)
You are immune to unholy pain and torment.
You are vulnerable to heat. (rF-)
You are strongly in touch with the powers of death.
You do not drink.


Message History

The iron golem resists.
The iron golem is heavily damaged.
The bolt of lightning hits you but does no damage.
The bolt of lightning hits the iron golem!!
The iron golem resists.
The iron golem is lightly damaged.
The bolt of lightning hits the war gargoyle!!!
The war gargoyle resists.
You destroy the war gargoyle!
The bolt of lightning hits the iron giant!!
The iron giant is almost dead.
A death scarab bursts from the war gargoyle!
The iron golem hits you. The iron golem misses you.
You block the iron golem's attack.
The iron golem hits you but does no damage.
You block the iron giant's attack.
Casting: Chain Lightning (dangerous; 16% risk of failure)
Confirm with . or Enter, or press ? or * to list all spells.
Aiming: Lehudib's Crystal Spear (dangerous; 12% risk of failure)
Press: ? - help, Shift-Dir - straight line, f - iron giant, p - iron golem
Aim: an iron giant, wielding a +0 giant club (severely wounded, infested, 100% to hit)
You miscast Lehudib's Crystal Spear.
You are very lightly contaminated with residual magic.
You are blasted with magical energy!
Your death scarab bites the iron golem but does no damage.
Your death scarab bites the iron golem.
Your death scarab drains the iron golem's vigour!
The iron golem seems to slow down.
The iron golem hits you!! The iron golem closely misses you. x2
You block the iron golem's attack.
Your death scarab bites the iron golem!
Your death scarab drains the iron golem's vigour!
The iron golem seems to slow down.
The iron giant points at you and mumbles some strange words.
The iron shot hits you!!!
* * * LOW HITPOINT WARNING * * *
Casting: Lehudib's Crystal Spear (dangerous; 12% risk of failure)
Confirm with . or Enter, or press ? or * to list all spells.
You blink.
An ancient champion comes into view. It is wielding a +3 great mace.
Your death scarab bites the iron golem but does no damage.
The iron giant hits you with a +0 giant club!!!
You die...

#....
{,,,,, ,,
#...#*, ,
,, , #...#
,{, ,, ,,
##...#{, ,
,,, ,
##...#.
,,,,, , *
, ###...#{
, ,,,,*
###.∩.#.
{,, ,,,,,*
###...#.
{,, ,,, ,
###99.#z
{, ,,,
###C..#.,
,,
###.@B##
,,,, , **
###...##,
, , ,* ,,
##.....,,,
,*,,
##.......
, , ,,
#...^.^...
, ,, ,
#...##....
*,,**
#...#*....
** ,**
#.... ...,
,,, , , ,
,, , * *
** * *


You could see 2 iron golems, an iron giant (infested), an ancient champion
(wandering) and a friendly death scarab.

Vanquished Creatures
  3 pandemonium lords (Pan)
  Dissolution (Slime:2)
  the Royal Jelly (Slime:5)
  Gloorx Vloq (Pan)
  2 dread liches
  4 ancient liches
  An orb of fire (Zot:2)
  Margery (Crypt:2)
  Geryon (Hell)
  A caustic shrike (Dis:1)
  9 golden dragons
  Nikola (Shoals:2)
  A curse toe (Zot:3)
  6 bone dragons
  A Tzitzimitl (Depths:2)
  A Brimstone Fiend (Pan)
  4 doom hounds (Depths:3)
  An iron giant (Dis:1)
  2 Ice Fiends (Pan)
  A Hell Sentinel (Pan)
  12 tentacled monstrosities
  Asterion (Snake:4)
  Jorgrun (D:14)
  4 Orb Guardians (Zot:5)
  5 searing wretches
  A walking crystal tome (Depths:3)
  8 liches
  A shard shrike skeleton (Crypt:3)
  2 deep elf master archers (Elf:3)
  5 titans
  A deep elf blademaster (Elf:3)
  5 ancient champions
  An eldritch tentacle (WizLab)
  5 tentacled starspawn
  9 quicksilver dragons
  8 sphinxes
  11 death cobs
  30 acid blobs
  2 krakens
  76 Executioners (Pan)
  Frances (Shoals:2)
  20 shadow dragons
  7 tengu reavers
  11 storm dragons
  3 revenants
  Ilsuiw (Shoals:2)
  Donald (Snake:1)
  6 draconian monks
  An azure jelly (shapeshifter) (Vaults:5)
  6 fire giants
  3 nagarajas
  A nargun (Coc:1)
  13 azure jellies
  4 draconian knights
  8 rockslimes
  6 deep elf sorcerers
  A demonspawn warmonger (Pan)
  5 iron dragons
  6 draconian scorchers
  3 frost giants
  A quicksilver elemental (Dis:3)
  6 deep elf elementalists (Elf:3)
  2 ghouls
  12 vault wardens
  3 draconian annihilators
  4 cacodemons
  6 balrugs
  2 ghost moths
  2 spectral caustic shrikes (Depths:2)
  4 draconian shifters
  Aizul (Snake:4)
  6 reapers
  3 spectral juggernauts (Depths:2)
  3 curse skulls
  A demonspawn corrupter (Pan)
  3 demonspawn blood saints (Pan)
  An ophan (Abyss:4)
  21 very ugly things
  16 war gargoyles
  6 stone giants
  8 ironbound thunderhulks
  10 quicksilver oozes
  A draconian stormcaller (Zot:1)
  A juggernaut zombie (Crypt:2)
  A caustic shrike skeleton (Depths:1)
  17 ironbound preservers
  8 vampire knights
  5 green draconians
  4 black draconians
  An elemental wellspring (Coc:1)
  2 juggernaut skeletons (Pan)
  11 deep elf demonologists
  4 putrid mouths
  3 demonspawn black suns
  15 yellow draconians
  19 lorocyprocas
  A spectral titan (Depths:2)
  3 entropy weavers
  3 red draconians
  10 purple draconians
  12 deep elf annihilators
  15 dire elephants
  5 white draconians
  7 spark wasps
  5 eidola
  The ghost of Ybifatz the Covert, a journeyman SpEn of Gozag (Lair:6)
  An iron golem (Dis:1)
  6 merfolk impalers
  The ghost of Zigma the Grappler, a journeyman DrMo of Yredelemnul (D:13)
  23 blizzard demons
  7 fire dragons
  8 deep elf death magi
  An elf zombie (Crypt:2)
  8 ettins
  3 merfolk javelineers (Shoals:4)
  A green death (Pan)
  19 yaktaur captains
  8 jiangshi
  An elf skeleton (Hell)
  3 deep elf high priests
  2 spectral golden dragons (Depths:2)
  Erolcha (D:11)
  11 great orbs of eyes
  7 hydras
  5 rakshasas
  Fannar (D:11)
  An ice dragon (shapeshifter) (Vaults:5)
  A salamander tyrant (Snake:4)
  A hell beast (Depths:3)
  5 spectral sphinxes (Depths:2)
  13 ironbound frosthearts
  28 vault guards (Vaults:5)
  A spriggan air mage (Depths:3)
  11 spriggan skeletons
  7 naga warriors
  6 boulder beetles
  11 ice dragons
  5 spectral shadow dragons (Depths:2)
  9 centaur warriors
  3 quicksilver dragon skeletons (Pan)
  2 spectral tengu (Depths:2)
  4 juggernaut simulacra
  An anaconda (shapeshifter) (Vaults:4)
  17 anacondas
  4 fenstrider witch skeletons
  3 ogre magi
  2 spectral fire giants (Depths:2)
  2 alligator snapping turtles
  3 death knights
  Erica (D:11)
  9 two-headed ogres
  A caustic shrike simulacrum (Coc:1)
  A spectral stone giant (Depths:2)
  3 merfolk avatars
  A stoker (Hell)
  A death yak (Lair:6)
  A hell hog (Abyss:3)
  6 merfolk aquamancers
  3 spectral frost giants (Depths:2)
  11 vampire magi
  4 spriggan berserkers
  9 tengu warriors
  23 dancing weapons
  A deep troll earth mage (Depths:3)
  8 shock serpents
  9 orc high priests
  23 hell knights
  Urug (D:13)
  50 soul eaters
  A spectral storm dragon (Depths:2)
  11 naga sharpshooters
  21 deep elf knights
  An iron troll (Depths:2)
  12 thrashing horrors
  7 sixfirhies
  4 wretched stars
  4 spectral spriggans (Depths:2)
  6 salamander mystics
  8 titan skeletons
  2 spectral death yaks (Lair:6)
  12 shadow wraiths
  28 sun demons
  A death drake (Depths:2)
  A storm dragon skeleton (Pan)
  46 skeletal warriors
  2 spatial maelstroms
  A spectral anaconda (Lair:6)
  10 sea snakes
  9 glowing orange brains
  3 shadow demons (Pan)
  19 starcursed masses
  9 spriggan simulacra
  16 deep elf archers
  A golden dragon skeleton (Crypt:2)
  4 flayed ghosts
  35 deep trolls
  3 obsidian statues
  A bog body (Crypt:1)
  10 naga ritualists
  9 wizards
  4 bunyip skeletons
  2 anaconda skeletons (Pan)
  18 ironbound convokers
  41 deep elf pyromancers
  8 lindwurms (Vaults:1)
  2 orc knights (Orc:1)
  2 orange crystal statues (Depths:2)
  11 phantasmal warriors
  2 tengu zombies
  28 harpies
  14 necromancers
  8 shining eyes
  40 deep elf zephyrmancers
  Pikel (D:5)
  14 mana vipers
  43 ugly things
  5 cyclopes
  2 shadow dragon skeletons (Pan)
  13 fauns
  A tengu skeleton (Vaults:3)
  A fire giant zombie (Vaults:3)
  6 oklob plants
  15 salamanders
  A human zombie (Vaults:3)
  An iron dragon zombie (Vaults:3)
  A frost giant zombie (Depths:1)
  14 manticores
  A will-o-the-wisp (Abyss:4)
  4 orc sorcerers
  3 worldbinders
  20 merfolk sirens
  22 elephants
  4 iron dragon skeletons
  Maurice (D:11)
  An elephant (shapeshifter) (Vaults:5)
  16 moths of wrath
  An ice statue (Lair:4)
  A dire elephant zombie (Lair:6)
  3 water nymphs
  19 vault sentinels
  32 smoke demons
  A naga zombie (Abyss:1)
  46 black mambas
  5 stone giant skeletons
  A storm dragon simulacrum (Depths:2)
  6 centaur skeletons
  6 guardian serpents
  3 eyes of devastation
  15 naga magi
  2 unseen horrors
  8 gargoyles
  9 rust devils
  7 cane toads
  A titan simulacrum (Depths:2)
  An orange demon (Pan)
  30 demonic crawlers
  15 hellions
  6 dire elephant skeletons (Pan)
  A yaktaur zombie (Vaults:3)
  25 yaktaurs
  4 rime drakes
  2 alligator snapping turtle skeletons
  11 komodo dragons
  8 ice devils
  10 freezing wraiths
  6 hellwings
  4 tormentors
  9 entropy weaver simulacra (IceCv)
  6 ancient zymes
  5 meliai
  3 tengu conjurers
  6 red devils
  2 guardian mummies (Crypt:3)
  5 trolls
  3 golden dragon simulacra
  2 spectral glowing shapeshifters (Depths:2)
  4 polar bears
  3 harpy zombies
  3 hornets (Depths:1)
  2 human skeletons
  15 harpy skeletons
  23 merfolk
  A shadow dragon simulacrum (Hell)
  8 wind drakes
  A tarantella zombie (Crypt:2)
  A hydra skeleton (Pan)
  A sphinx simulacrum (Depths:2)
  A raiju (shapeshifter) (Elf:3)
  24 blink frogs
  A satyr zombie (Crypt:1)
  122 slime creatures
  A dream sheep (shapeshifter) (Depths:4)
  A spectral elephant (Lair:6)
  A fire dragon zombie (Crypt:2)
  23 raiju
  An iron dragon simulacrum (Depths:2)
  4 dream sheep (Shoals:4)
  5 snapping turtles
  A jumping spider (Vaults:1)
  69 large abominations
  Sigmund (D:5)
  7 air elementals
  2 dire elephant simulacra
  12 wraiths
  2 wyverns
  A merfolk skeleton (Pan)
  23 yaks
  A culicivora (shapeshifter) (Depths:1)
  4 shadows
  A vampire (D:12)
  9 ynoxinuls
  An elf simulacrum (Vaults:3)
  3 spriggans (Depths:1)
  23 water elementals
  A fire dragon skeleton (WizLab)
  2 ice dragon skeletons (Pan)
  Eustachio (D:4)
  24 humans
  22 neqoxecs
  5 basilisks
  18 chaos spawn
  4 fire elementals
  A black mamba skeleton (Pan)
  5 golden eyes
  3 redbacks (Vaults:1)
  9 minotaur simulacra (IceCv)
  11 vampire mosquitoes
  8 wargs
  A death yak simulacrum (Lair:6)
  4 spatial vortices (WizLab)
  4 steam dragons
  An acid dragon (D:8)
  29 nagas
  3 harpy simulacra
  2 hydra simulacra (IceCv)
  10 water moccasins
  A demonspawn skeleton (Crypt:1)
  A two-headed ogre skeleton (Crypt:1)
  A floating eye (Depths:2)
  15 orc warriors
  6 naga skeletons
  2 sky beasts (D:6)
  6 ice beasts (Lair:4)
  An alligator simulacrum (IceCv)
  2 elephant zombies (Lair:6)
  5 boggarts
  2 necrophages (Crypt:1)
  An ettin simulacrum (IceCv)
  12 ogres
  15 centaurs
  An elephant skeleton (Lair:6)
  A wolf (shapeshifter) (Vaults:5)
  22 wolves
  A lemure (D:5)
  A kobold brigand (D:6)
  A rime drake skeleton (Crypt:2)
  Blork the orc (D:4)
  A gnoll sergeant (D:9)
  12 bullfrogs
  A cane toad simulacrum (Lair:6)
  5 deep troll simulacra (IceCv)
  2 wyvern zombies
  A scorpion (D:5)
  2 glowing shapeshifter simulacra (Depths:2)
  7 small abominations
  4 earth elementals
  A wyvern skeleton (D:5)
  A water moccasin zombie (D:6)
  2 lindwurm simulacra (IceCv)
  6 killer bees (D:9)
  3 wights (D:7)
  6 howler monkeys
  An electric eel (D:10)
  A spectral centaur (D:10)
  8 centaur zombies
  A crimson imp (Abyss:1)
  3 quasits
  7 hounds
  23 jellies
  33 orc priests
  Jessica (D:3)
  13 orc wizards
  A felid zombie (Crypt:1)
  A demigod zombie (Crypt:1)
  A demigod skeleton (Crypt:2)
  10 mummies
  A hound zombie (D:5)
  2 howler monkey zombies
  7 gnolls
  A howler monkey skeleton (D:10)
  6 adders
  2 shadow imps
  3 white imps
  2 ufetubi
  An adder skeleton (D:4)
  2 worms (D:2)
  3 dart slugs
  76 orcs
  9 ball pythons
  7 endoplasms
  3 giant cockroaches
  8 goblins
  7 hobgoblins
  4 quokkas
  2 bats (D:1)
  4 frilled lizards
  A frilled lizard zombie (Crypt:2)
  A goblin zombie (Crypt:2)
  A hobgoblin zombie (D:4)
  9 kobolds
  A kobold zombie (D:4)
  3 orc zombies
  A quokka zombie (Crypt:1)
  6 rats
  4 fire vortices (Hell)
  A lurking horror (Abyss:1)
  5 starspawn tentacles
  5 tentacles
3051 creatures vanquished.

Vanquished Creatures (collateral kills)
  A dread lich (Dis:1)
  2 caustic shrikes (Dis:1)
  A bone dragon (Abyss:1)
  4 tentacled monstrosities
  3 Orb Guardians (Zot:5)
  A titan (Coc:1)
  An acid blob (Zot:4)
  2 ancient champions (Dis:2)
  2 Executioners (Pan)
  A nargun (Coc:1)
  An iron dragon (Dis:2)
  2 draconian shifters (Zot:2)
  2 cacodemons (Pan)
  3 draconian scorchers (Zot:2)
  A demonspawn blood saint (Pan)
  2 war gargoyles
  2 black draconians
  A purple draconian (Zot:3)
  2 white draconians
  A yellow draconian (Zot:4)
  2 red draconians (Zot:3)
  5 blizzard demons (Pan)
  An iron golem (Dis:1)
  A spriggan skeleton (Pan)
  2 hell beasts (Pan)
  An ice dragon (Depths:2)
  5 soul eaters (Pan)
  A titan skeleton (Pan)
  3 crystal echidnas (Dis:2)
  7 sun demons (Pan)
  2 sixfirhies (Pan)
  A bunyip skeleton (Pan)
  2 moths of wrath
  2 elephants (Zot:3)
  4 smoke demons (Pan)
  3 hellions (Pan)
  A demonic crawler (Pan)
  2 hellwings (Pan)
  2 tormentors
  An ice devil (Pan)
  2 ice dragon skeletons (Pan)
  4 ynoxinuls (Pan)
  2 humans (Zot:3)
  2 chaos spawn (Pan)
  3 neqoxecs (Pan)
  9 large abominations (Pan)
  A harpy simulacrum (Coc:1)
  A jelly (Zot:4)
  A starcursed mass (Abyss:4)
  A ball lightning (Elf:3)
109 creatures vanquished.

Vanquished Creatures (others)
  A green draconian (Zot:4)
  A rakshasa (Depths:1)
  3 deep elf knights (Elf:2)
  A sun demon (Pan)
  A wizard (Vaults:4)
  A deep elf archer (Elf:3)
  A large abomination (Abyss:1)
  A deep elf zephyrmancer (Elf:1)
  An orange demon (Pan)
  A demonic crawler (Pan)
  2 raiju (Abyss:4)
  An air elemental (Elf:3)
  A wraith (Crypt:3)
  2 small abominations
  A white imp (Abyss:1)
  46 ball lightnings
  A creeping inferno (Hell)
  4 foxfires (Abyss:4)
  640 fulminant prisms
  32 fungi
  2 lurking horrors
  211 plants
  31 starspawn tentacles
  12 tentacles
  80 withered plants
1078 creatures vanquished.

Grand Total: 4238 creatures vanquished

Notes
Turn   | Place    | Note
-------+----------+-------------------------------------------
     0 | D:1      | Gather the Mummy Conjurer began the quest for the Orb.
     0 | D:1      | Reached XP level 1. HP: 13/13 MP: 4/4
   644 | D:1      | Reached XP level 2. HP: 19/19 MP: 1/5
   647 | D:1      | Learned a level 2 spell: Searing Ray
   972 | D:1      | Found a faded altar of an unknown god.
   972 | D:1      | Noticed a crimson imp
  1215 | D:2      | Reached XP level 3. HP: 24/24 MP: 4/7
  1474 | D:2      | Found a sparkling altar of Nemelex Xobeh.
  2061 | D:2      | Reached XP level 4. HP: 30/30 MP: 3/9
  2637 | D:3      | Noticed Jessica
  2952 | D:3      | Killed Jessica
  2953 | D:3      | Reached XP level 5. HP: 28/36 MP: 7/10
  3747 | D:4      | Noticed Blork the orc
  3753 | D:4      | Killed Blork the orc
  3754 | D:4      | Reached skill level 1 in Fighting
  3754 | D:4      | Reached skill level 1 in Armour
  3754 | D:4      | Reached skill level 5 in Conjurations
  3809 | D:4      | Found a staircase to the Ecumenical Temple.
  4018 | D:4      | Noticed an ogre
  4029 | D:4      | Killed an ogre
  4030 | D:4      | Reached skill level 1 in Long Blades
  4030 | D:4      | Reached XP level 6. HP: 44/44 MP: 1/11
  4451 | D:4      | Noticed Eustachio
  4633 | D:3      | Upgraded the game from 0.29-a0-90-gc37658a0fe to
                  | 0.29-a0-91-gdebf4667c2
  4800 | D:4      | Killed Eustachio
  4801 | D:4      | Reached XP level 7. HP: 46/51 MP: 1/12
  5234 | D:5      | Entered Level 5 of the Dungeon
  5333 | D:5      | Noticed Sigmund
  5402 | Temple   | Entered the Ecumenical Temple
  5436 | Temple   | Became a worshipper of Ashenzari the Shackled
  5564 | D:5      | Found a bloodstained altar of Trog.
  5777 | D:5      | Noticed Pikel
  5798 | D:5      | Killed Pikel
  5799 | D:5      | Reached XP level 8. HP: 26/58 MP: 1/13
  5895 | D:4      | Learned a level 4 spell: Fulminant Prism
  5899 | D:4      | Learned a level 3 spell: Dazzling Flash
  5959 | D:5      | Found a shimmering altar of Xom.
  5959 | D:5      | Found a shimmering altar of Xom.
  6197 | D:5      | Reached skill level 1 in Hexes
  6390 | D:5      | Found an opulent altar of Gozag.
  6683 | D:6      | You fall into a shaft and drop 3 floors!
  6683 | D:9      | Noticed a two-headed ogre
  6740 | D:7      | Reached skill level 1 in Evocations
  6935 | D:7      | Identified the +9 flail of the Chickpea {spect, rPois}
  6981 | D:7      | Found an ancient bone altar of Kikubaaqudgha.
  6994 | D:7      | Found a blossoming altar of Fedhas.
  7296 | D:6      | Identified the +4 ring mail of Fug Tya {rPois Str+6 Dex+4}
  7528 | D:6      | Reached * piety under Ashenzari
  7616 | D:6      | Reached XP level 9. HP: 65/65 MP: 6/15
  7753 | D:6      | Found an iron altar of Okawaru.
  8716 | D:7      | Reached ** piety under Ashenzari
  8722 | D:7      | Reached skill level 5 in Hexes
  9411 | D:8      | Noticed a two-headed ogre
  9428 | D:8      | Killed a two-headed ogre
  9547 | D:8      | Found a hazy altar of Hepliaklqana.
  9934 | D:8      | Reached skill level 1 in Shields
 10551 | D:9      | Reached XP level 10. HP: 73/73 MP: 5/16
 10686 | D:9      | Found a staircase to the Lair.
 11385 | D:9      | Killed a two-headed ogre
 11544 | D:9      | Reached *** piety under Ashenzari
 11682 | D:9      | Learned a level 5 spell: Irradiate
 11762 | D:9      | Found a radiant altar of Vehumet.
 11879 | D:10     | Entered Level 10 of the Dungeon
 11970 | D:10     | Identified the +4 scale mail "Alauw" {rC+ Stlth+}
 12015 | D:10     | Reached skill level 1 in Transmutations
 12160 | D:10     | Noticed a two-headed ogre
 12174 | D:10     | Killed a two-headed ogre
 12419 | D:10     | Found a hide-covered altar of Uskayaw.
 12649 | D:10     | Reached **** piety under Ashenzari
 12762 | D:10     | Identified the ring of the Princess {Drain rN+++ rCorr EV+4
                  | Dex+3}
 12780 | D:10     | Reached XP level 11. HP: 77/80 MP: 8/18
 13060 | D:10     | Found a sparkling altar of Nemelex Xobeh.
 13176 | D:11     | Noticed Erica
 13252 | D:11     | Noticed Erolcha
 13311 | D:11     | Noticed Fannar
 13315 | D:11     | Killed Fannar
 13690 | D:12     | Noticed a deep elf pyromancer
 13697 | D:12     | Noticed a centaur warrior
 14287 | D:12     | Reached skill level 10 in Conjurations
 14288 | D:12     | Noticed a two-headed ogre
 14300 | D:12     | Killed a two-headed ogre
 14301 | D:12     | Reached skill level 5 in Transmutations
 14545 | Lair:1   | Entered Level 1 of the Lair of Beasts
 16361 | Lair:2   | Found a staircase to the Snake Pit.
 16375 | Lair:2   | Reached XP level 12. HP: 87/87 MP: 14/21
 16427 | Lair:2   | Learned a level 4 spell: Iskenderun's Mystic Blast
 16649 | Lair:2   | Identified the ring "Abudigec" {rElec rC++ rCorr Str+2
                  | Int-4}
 16703 | Lair:2   | Reached skill level 1 in Translocations
 17005 | Lair:2   | Noticed a five-headed hydra
 17013 | Lair:2   | Killed a five-headed hydra
 17238 | Lair:2   | Found a staircase to the Shoals.
 17536 | Lair:3   | Noticed a six-headed hydra
 17542 | Lair:3   | Killed a six-headed hydra
 17554 | Lair:3   | Reached skill level 5 in Spellcasting
 18616 | Lair:4   | Noticed a four-headed hydra
 18883 | Lair:4   | Killed a four-headed hydra
 19018 | Lair:4   | Gained mutation: You are in touch with the powers of death.
                  | [Mummy growth]
 19018 | Lair:4   | Reached XP level 13. HP: 81/94 MP: 16/25
 19179 | Lair:4   | Identified the +2 scale mail of Light {rElec rPois rF-}
 20567 | Lair:5   | Found the +15 Maxwell's patent armour {-Cast -Tele rElec
                  | Will+ rCorr}
 20850 | Lair:5   | Found a staircase to the Slime Pits.
 20851 | Lair:5   | Found a viscous altar of Jiyva.
 20876 | Lair:5   | Reached skill level 5 in Stealth
 21324 | Lair:6   | Entered Level 6 of the Lair of Beasts
 21787 | Lair:6   | Noticed a dire elephant
 21788 | Lair:6   | Noticed a dire elephant
 21788 | Lair:6   | Noticed a dire elephant
 21951 | Lair:6   | Found a runed translucent door.
 21972 | Lair:6   | Noticed Ybifatz's ghost (journeyman SpEn)
 22096 | Lair:6   | Killed a dire elephant
 22755 | Lair:6   | Noticed a dire elephant
 22819 | Lair:6   | Reached skill level 5 in Dodging
 22920 | Lair:6   | Identified a scroll of acquirement
 23535 | Lair:6   | Reached XP level 14. HP: 101/101 MP: 9/28
 24268 | Lair:6   | Killed Ybifatz's ghost
 24516 | D:5      | Killed Sigmund
 24563 | D:5      | Found a shimmering altar of Xom.
 24565 | D:5      | Found a shimmering altar of Xom.
 24610 | D:5      | Found an opulent altar of Gozag.
 24661 | D:5      | Found a bloodstained altar of Trog.
 25033 | D:11     | Upgraded the game from 0.29-a0-91-gdebf4667c2 to
                  | 0.29-a0-92-gee772dd00f
 25074 | D:11     | Noticed Maurice
 25152 | D:11     | Killed Maurice
 25281 | D:11     | Killed Erolcha
 25347 | D:11     | Found a portal to a secret trove of treasure.
 25555 | D:11     | Killed Erica
 25948 | D:12     | Identified the +3 leather armour of Ysaten {Dex+3}
 26347 | D:12     | Found a staircase to the Orcish Mines.
 26473 | Orc:1    | Entered Level 1 of the Orcish Mines
 26667 | Orc:2    | Entered Level 2 of the Orcish Mines
 27396 | Orc:2    | Found a bloodstained altar of Trog.
 27646 | Orc:2    | Found Zauneps's Antique Armour Shop.
 27740 | Orc:2    | Found Hofium's General Store.
 27825 | Orc:2    | Found Zidet's Weapon Shop.
 27825 | Orc:2    | Found Engaff's Armour Shoppe.
 27899 | Orc:2    | Found a staircase to the Elven Halls.
 29024 | D:13     | Noticed Zigma's ghost (journeyman DrMo)
 29028 | D:13     | Noticed a fire giant
 29037 | D:13     | Identified the +8 falchion of Descent {vamp, Str+3}
 29047 | D:13     | Found a runed translucent gate.
 29047 | D:13     | Found a runed translucent gate.
 29047 | D:13     | Found a runed translucent gate.
 29164 | D:13     | Noticed Urug
 29167 | D:13     | Identified the +0 scale mail "Holluj" {Rampage *Corrode
                  | rF+++}
 29174 | D:13     | Killed Urug
 29210 | D:13     | Found a gate to the Vaults.
 29381 | D:13     | Found a runed translucent door.
 29381 | D:13     | Found the +2 shield of Resistance {rF++ rC++ Will++}
 29387 | D:13     | Found a runed translucent door.
 29490 | D:13     | Reached XP level 15. HP: 106/106 MP: 24/30
 30107 | D:14     | Noticed Jorgrun
 30288 | D:14     | Killed Jorgrun
 31092 | Snake:1  | Entered Level 1 of the Snake Pit
 31381 | Snake:1  | Reached skill level 15 in Conjurations
 31806 | Snake:1  | Noticed Donald
 31922 | Snake:1  | Killed Donald
 33022 | Snake:2  | Acquired a book of Iron
 33031 | Snake:2  | Learned a level 6 spell: Iron Shot
 33070 | Snake:2  | Reached skill level 5 in Armour
 33104 | Snake:2  | Noticed a nagaraja
 33111 | Snake:2  | Killed a nagaraja
 33112 | Snake:2  | Reached skill level 5 in Fighting
 33656 | Snake:2  | Identified the +10 long sword of Soft Courage {vorpal, rF+
                  | MP+9 Stlth+}
 34153 | Snake:2  | Reached XP level 16. HP: 115/115 MP: 21/31
 34321 | Snake:2  | Reached skill level 5 in Shields
 34884 | Snake:3  | Found a frozen archway.
 34899 | IceCv    | Entered an ice cave
 36813 | IceCv    | Upgraded the game from 0.29-a0-92-gee772dd00f to
                  | 0.29-a0-96-g93358da72b
 36904 | Snake:3  | Found a shimmering altar of Xom.
 37301 | Snake:3  | Reached skill level 10 in Transmutations
 37653 | Snake:3  | Reached skill level 5 in Long Blades
 38294 | Snake:4  | Entered Level 4 of the Snake Pit
 38522 | Snake:4  | Noticed Asterion
 38529 | Snake:4  | Killed Asterion
 40025 | Snake:4  | Reached XP level 17. HP: 128/128 MP: 3/32
 40675 | Snake:4  | Found Weokior's Book Shoppe.
 40679 | Snake:4  | Found Qaazuoj's Antique Armour Emporium.
 40681 | Snake:4  | Bought a book of Spatial Translocations for 442 gold pieces
 40684 | Snake:4  | Learned a level 2 spell: Blink
 40690 | Snake:4  | Bought an embroidered cloak for 225 gold pieces
 41327 | Snake:4  | Noticed a quicksilver dragon
 41327 | Snake:4  | Noticed a quicksilver dragon
 41336 | Snake:4  | Killed a quicksilver dragon
 41340 | Snake:4  | Killed a quicksilver dragon
 41460 | Snake:4  | Got a serpentine rune of Zot
 41507 | Snake:4  | Noticed Aizul
 41515 | Snake:4  | Killed Aizul
 41736 | Shoals:1 | Entered Level 1 of the Shoals
 41763 | Lair:2   | Learned a level 5 spell: Summon Mana Viper
 41838 | Shoals:1 | Reached skill level 1 in Summonings
 42960 | Shoals:1 | Noticed a kraken
 42976 | Shoals:1 | Killed a kraken
 43214 | Shoals:2 | Noticed Nikola
 43383 | Shoals:2 | Killed Nikola
 43500 | Shoals:2 | Noticed Frances
 43549 | Shoals:1 | Reached ***** piety under Ashenzari
 44255 | Shoals:2 | Noticed Ilsuiw
 44264 | Shoals:2 | Killed Frances
 44510 | Shoals:2 | Killed Ilsuiw
 44511 | Shoals:2 | Reached skill level 10 in Spellcasting
 45012 | Shoals:3 | Found Obink's Weapon Shop.
 45952 | Shoals:3 | Found Riter's Assorted Antiques.
 46118 | Shoals:3 | Identified the +8 quarterstaff of Nightmares {vorpal,
                  | Str+7}
 46313 | Shoals:3 | Reached XP level 18. HP: 141/141 MP: 24/35
 46519 | Shoals:3 | Found Cunid's Armour Emporium.
 46611 | Shoals:4 | Entered Level 4 of the Shoals
 47160 | Shoals:4 | Reached skill level 1 in Throwing
 47518 | Shoals:4 | Found the +10 zealot's sword {holy, *Rage rN+ EV+3}
 48678 | Shoals:4 | Got a barnacled rune of Zot
 48863 | Shoals:4 | Identified the +2 kite shield "Sela" {rCorr}
 49203 | D:13     | Killed Zigma's ghost
 49914 | Lair:6   | Learned a level 3 spell: Vampiric Draining
 49959 | Lair:6   | Learned a level 3 spell: Swiftness
 50229 | D:15     | Entered Level 15 of the Dungeon
 51112 | D:15     | Found a staircase to the Depths.
 51129 | D:15     | Found a sacrificial altar of Ru.
 51582 | Elf:1    | Entered Level 1 of the Elven Halls
 52148 | Elf:1    | Found Zucvelloe's Antique Weapon Emporium.
 52194 | Elf:1    | Reached skill level 1 in Air Magic
 52523 | Elf:1    | Identified Vehumet's Incunabulum of Battle Magic
 52544 | Elf:1    | Reached skill level 2 in Air Magic
 52803 | Elf:1    | Found Nekiuhop's Distillery.
 52827 | Elf:1    | Reached XP level 19. HP: 149/149 MP: 27/37
 53578 | Elf:1    | Reached skill level 3 in Air Magic
 53948 | Elf:1    | Found Ziegequk's Weapon Emporium.
 54278 | Elf:2    | Paralysed by an air elemental for 1 turns
 54452 | Elf:2    | Learned a level 6 spell: Conjure Ball Lightning
 54542 | Elf:2    | Paralysed by an air elemental for 1 turns
 54547 | Elf:2    | Paralysed by an air elemental for 1 turns
 54587 | Elf:2    | Upgraded the game from 0.29-a0-96-g93358da72b to
                  | 0.29-a0-100-g60f898f876
 54876 | Elf:2    | Found a runed translucent gate.
 54876 | Elf:2    | Found a runed translucent gate.
 54876 | Elf:2    | Found a runed translucent gate.
 56066 | Elf:3    | Entered Level 3 of the Elven Halls
 56107 | Elf:3    | Reached skill level 4 in Air Magic
 56195 | Elf:3    | Found a flickering gateway to a bazaar.
 56278 | Bazaar   | Entered a bazaar
 56379 | Bazaar   | Found Jafanun's Antique Armour Emporium.
 56394 | Bazaar   | Found Vexab's Weapon Emporium.
 56409 | Bazaar   | Found Cecoubory's Magic Scroll Shoppe.
 56409 | Bazaar   | Found Qeschuejeza's Magic Scroll Emporium.
 56414 | Bazaar   | Bought a scroll of blinking for 90 gold pieces
 56414 | Bazaar   | Bought a scroll of teleportation for 36 gold pieces
 56414 | Bazaar   | Bought a scroll of blinking for 90 gold pieces
 56420 | Bazaar   | Bought a scroll of blinking for 112 gold pieces
 56450 | Bazaar   | Bought a scroll of enchant armour for 112 gold pieces
 56450 | Bazaar   | Bought a scroll of enchant weapon for 112 gold pieces
 56450 | Bazaar   | Bought a scroll of enchant weapon for 112 gold pieces
 56937 | Elf:3    | Paralysed by an air elemental for 1 turns
 57006 | Elf:3    | Upgraded the game from 0.29-a0-100-g60f898f876 to
                  | 0.29-a0-101-g0f647bec9a
 57189 | Elf:3    | Learned a level 9 spell: Chain Lightning
 57390 | Elf:3    | Reached skill level 5 in Air Magic
 57577 | Elf:3    | Identified the +0 robe of Dramatic Exits {rPois Will+}
 57577 | Elf:3    | Identified the ring "Ruuxycel" {Fire rCorr Str+2}
 57577 | Elf:3    | Identified the +4 ring mail of the Shrike {Rampage Dex+2
                  | Slay+3}
 57870 | Elf:3    | Identified the ring "Ugiyn" {rC+ EV+4}
 57876 | Elf:3    | Identified the ring of Mistrust {rN+ EV+4 Dex+2}
 58167 | Elf:3    | Reached XP level 20. HP: 107/156 MP: 31/39
 58436 | Elf:3    | Reached skill level 6 in Air Magic
 58627 | Elf:3    | Identified the +9 hand axe of Reusywko {spect, rF+ rC+ rN+
                  | Dex+2}
 58935 | Elf:3    | Identified Piyx's Papyrus of the Evil Blaze
 58938 | Elf:3    | Identified the Almanac of Fiery Dislocation
 59110 | Elf:3    | Learned a level 7 spell: Orb of Destruction
 59553 | Vaults:1 | Entered Level 1 of the Vaults
 59639 | Vaults:1 | Identified the +1 hunting sling of Lifril {vorpal, rElec
                  | rF- Int+2 Dex+4}
 60181 | Vaults:1 | Reached skill level 7 in Air Magic
 60432 | Vaults:1 | Found Oxenaonel's General Store.
 61839 | Vaults:1 | Reached skill level 8 in Air Magic
 62875 | Vaults:1 | Reached skill level 9 in Air Magic
 63765 | Vaults:2 | Reached skill level 10 in Air Magic
 64919 | Vaults:2 | Found a staircase to the Crypt.
 64929 | Vaults:2 | Reached skill level 11 in Air Magic
 65271 | Vaults:2 | Reached XP level 21. HP: 160/160 MP: 40/40
 66131 | Vaults:3 | Identified the +2 robe of Capabuv {rN+ Will+ Str+3}
 66321 | Vaults:3 | Reached skill level 5 in Evocations
 66528 | Vaults:3 | Found Ilec's Weapon Boutique.
 68145 | Vaults:4 | Upgraded the game from 0.29-a0-101-g0f647bec9a to
                  | 0.29-a0-103-g37f86683bf
 68951 | Vaults:4 | Reached skill level 10 in Shields
 69340 | Vaults:4 | Found Toruq's Antique Armour Boutique.
 69341 | Vaults:4 | Found Gaqon's General Store.
 69489 | Vaults:4 | Found Muunot's Distillery.
 69537 | Vaults:5 | Entered Level 5 of the Vaults
 69749 | Depths:1 | Entered Level 1 of the Depths
 69755 | Depths:1 | Found Kalieth's Distillery.
 69768 | Depths:1 | Found Kirch's Antique Weapon Boutique.
 69768 | Depths:1 | Found Ziynom's Assorted Antiques.
 69772 | Depths:1 | Found Tijod's Assorted Antiques.
 69780 | Depths:1 | Bought a scroll of magic mapping for 98 gold pieces
 70077 | Depths:1 | Noticed an ancient lich
 70092 | Depths:1 | Killed an ancient lich
 71676 | Depths:1 | Reached XP level 22. HP: 130/169 MP: 8/42
 71934 | Depths:1 | Identified the Grimoire of Darkness
 72003 | Depths:1 | Found a gateway to Hell.
 72293 | Depths:2 | Reached skill level 12 in Air Magic
 73440 | Depths:2 | Reached skill level 13 in Air Magic
 74827 | Depths:2 | Noticed an ancient lich
 74853 | Depths:2 | HP: 1/169 [war gargoyle (21)]
 75321 | Depths:2 | Killed an ancient lich
 75322 | Depths:2 | Reached skill level 14 in Air Magic
 75756 | Depths:2 | Found a one-way gate to the infinite horrors of the Abyss.
 76336 | Depths:3 | Found an ancient bone altar of Kikubaaqudgha.
 76902 | Depths:3 | Reached ****** piety under Ashenzari
 77363 | Depths:3 | Found a one-way gate leading to the halls of Pandemonium.
 78042 | Depths:3 | Reached skill level 15 in Air Magic
 78696 | Depths:3 | Identified the +4 ring mail of Seoke {Int+2 Dex+3}
 78854 | Depths:3 | Noticed a golden dragon
 78860 | Depths:3 | Killed a golden dragon
 78967 | Depths:3 | Noticed a golden dragon
 78967 | Depths:3 | Identified the +11 war axe of Plague {spect, Dex+4}
 78986 | Depths:3 | Killed a golden dragon
 79230 | Depths:4 | Entered Level 4 of the Depths
 79943 | Depths:4 | Reached XP level 23. HP: 142/175 MP: 44/44
 80156 | Depths:4 | Found a shimmering blue altar of Sif Muna.
 80185 | Depths:4 | Found Potror's Jewellery Shoppe.
 80185 | Depths:4 | Found Botoggel's Book Shop.
 80186 | Depths:4 | Found Xuroba's Jewellery Shoppe.
 80193 | Depths:4 | Bought a book of Storms for 672 gold pieces
 80199 | Depths:4 | Learned a level 5 spell: Lightning Bolt
 80329 | Depths:4 | Found a one-way gateway to a ziggurat.
 81246 | Depths:4 | Reached skill level 16 in Air Magic
 81401 | Depths:4 | Found a gate to the Realm of Zot.
 81816 | Slime:1  | Entered Level 1 of the Pits of Slime
 82915 | Slime:2  | Noticed Dissolution
 83795 | Slime:2  | Killed Dissolution
 84885 | Slime:4  | Reached skill level 17 in Air Magic
 86340 | Slime:5  | Entered Level 5 of the Pits of Slime
 87158 | Slime:5  | Noticed the Royal Jelly
 88587 | Slime:5  | Killed the Royal Jelly
 88588 | Slime:5  | Reached skill level 18 in Air Magic
 89000 | Slime:5  | Identified the +6 plate armour of Tunarim {+Inv Str+3}
 89010 | Slime:5  | Identified the ring "Viamoekk" {*Corrode Fly rC+ Int+2
                  | Dex+6}
 89012 | Slime:5  | Identified the +6 hunting sling of Lufirph {freeze, Str+3}
 89012 | Slime:5  | Identified the +12 spear of Pauraim {vorpal, Str+2}
 89013 | Slime:5  | Identified the Grimoire of Torrid Darkness
 89014 | Slime:5  | Identified the Handbook of Earthen Damage Dealing
 89186 | Slime:5  | Got a slimy rune of Zot
 89399 | Slime:5  | Upgraded the game from 0.29-a0-103-g37f86683bf to
                  | 0.29-a0-110-g189f89ecda
 91656 | Vaults:4 | Reached XP level 24. HP: 69/177 MP: 16/42
 92095 | Vaults:5 | Noticed a dread lich
 92227 | Vaults:5 | Reached skill level 10 in Armour
 92231 | Vaults:4 | Killed a dread lich
 92859 | Vaults:5 | Noticed an ancient lich
 93405 | Vaults:4 | Found Toruq's Antique Armour Boutique.
 93423 | Vaults:4 | Found Muunot's Distillery.
 93432 | Vaults:4 | Found Gaqon's General Store.
 93603 | Vaults:4 | Killed an ancient lich
 94371 | Vaults:5 | Identified the +5 ring mail "Dinoph" {Dex+2}
 94435 | Vaults:5 | Identified the +8 quarterstaff of Jesim {vorpal, Will-
                  | rCorr Str+2}
 94521 | Vaults:5 | Identified the ring "Biwuan" {Fire *Slow rPois SInv Stlth+}
 94531 | Vaults:5 | Got a silver rune of Zot
 94568 | Vaults:5 | Reached skill level 19 in Air Magic
 94877 | Vaults:5 | Identified the +9 hunting sling of the First Yaks {vorpal,
                  | Fragile rC++ Str+2}
 95458 | Vaults:5 | Identified the +5 spear of Pastra Quwos {drain, Stlth+}
 96296 | Vaults:5 | Identified the +9 war axe of Wyloing {venom, rN+}
 96432 | Vaults:5 | Found Refoideng's General Store.
 96438 | Vaults:5 | Bought a scroll of teleportation for 42 gold pieces
 96438 | Vaults:5 | Bought a scroll of enchant armour for 105 gold pieces
 97056 | Snake:4  | Bought the Compendium of the Heron for 782 gold pieces
 97068 | Snake:4  | Learned a level 8 spell: Maxwell's Capacitive Coupling
 97364 | Crypt:1  | Entered Level 1 of the Crypt
 98974 | Crypt:2  | Noticed Margery
 99046 | Crypt:2  | Killed Margery
 99537 | Crypt:2  | Found a magical portal.
 99552 | WizLab   | Entered The Roulette of Golubria
 99552 | WizLab   | Found a transporter.
 99565 | WizLab   | Found the +2 cloak of the Thief {*Fog Slay-2 SInv Stlth+}
 99565 | WizLab   | Found the +1 cloak of Starlight {*Dazzle EV+4 Stlth--}
 99565 | WizLab   | Found a corrupted altar of Lugonu.
 99568 | WizLab   | Found a transporter.
 99578 | WizLab   | Found a transporter.
 99678 | WizLab   | Identified the +2 cloak of Uskayaw's Approval {Harm Will+}
 99718 | WizLab   | Identified Golubria's Catalogue of the Traveller
 99725 | WizLab   | Found a transporter.
 99736 | WizLab   | Found a transporter.
 99779 | WizLab   | Found a transporter.
 99844 | WizLab   | Found a transporter.
 99861 | WizLab   | Identified Golubria's Papyrus of the Traveller
 99867 | WizLab   | Found a transporter.
 99867 | WizLab   | Found a transporter.
100017 | WizLab   | Found a transporter.
100039 | WizLab   | Found a transporter.
100050 | WizLab   | Found a corrupted altar of Lugonu.
100075 | WizLab   | Found a transporter.
100103 | WizLab   | Found a transporter.
100146 | WizLab   | Found a transporter.
100375 | WizLab   | Found a transporter.
100511 | WizLab   | Reached XP level 25. HP: 174/184 MP: 26/42
100755 | WizLab   | Found a transporter.
100916 | WizLab   | Found a transporter.
100916 | WizLab   | Found a transporter.
100995 | WizLab   | Found a transporter.
100995 | WizLab   | Found a transporter.
101374 | Crypt:2  | Reached skill level 20 in Air Magic
101770 | Crypt:3  | Entered Level 3 of the Crypt
101903 | Crypt:3  | Identified the amulet of Tender Moments {Spirit rC+ SInv}
102648 | Crypt:3  | Reached skill level 10 in Long Blades
102846 | Crypt:3  | Identified the +5 chain mail "Sigonuri" {+Inv rN+ Will-
                  | rCorr}
102846 | Crypt:3  | Identified the amulet "Dyet" {rElec rPois Regen+ Dex+4}
102864 | Crypt:3  | Found a staircase to the Tomb.
102864 | Crypt:3  | Noticed an ancient lich
102866 | Crypt:3  | Identified Sif Muna's Advanced Theurgy
102868 | Crypt:3  | Identified Sif Muna's Easy Sorcery
102874 | Crypt:3  | Killed an ancient lich
103870 | Crypt:3  | Noticed a dread lich
103923 | Crypt:3  | Identified Sif Muna's Grimoire of the Creative Volcanoes
103932 | Crypt:3  | Found an ancient bone altar of Kikubaaqudgha.
104017 | Crypt:3  | Killed a dread lich
104096 | Crypt:3  | Upgraded the game from 0.29-a0-110-g189f89ecda to
                  | 0.29-a0-111-gbaf749a769
105459 | Depths:2 | Voluntarily entered the Abyss.
105459 | Abyss:1  | Found a corrupted altar of Lugonu.
105544 | Abyss:1  | Found a burning altar of Makhleb.
105560 | Abyss:1  | Found a corrupted altar of Lugonu.
107189 | Depths:2 | Escaped the Abyss
107408 | Depths:2 | Voluntarily entered the Abyss.
107679 | Abyss:3  | Found an ancient bone altar of Kikubaaqudgha.
108083 | Depths:2 | Escaped the Abyss
108261 | Zot:1    | Entered Level 1 of the Realm of Zot
109819 | Depths:4 | Found a one-way gateway to a ziggurat.
109924 | Depths:4 | Found a shimmering blue altar of Sif Muna.
109954 | Depths:4 | Found Potror's Jewellery Shoppe.
109954 | Depths:4 | Found Botoggel's Book Shop.
109955 | Depths:4 | Found Xuroba's Jewellery Shoppe.
110062 | Depths:4 | Found a gate to the Realm of Zot.
112888 | Depths:3 | Voluntarily entered the Abyss.
113448 | Abyss:4  | Reached skill level 10 in Fighting
113448 | Abyss:4  | Gained mutation: You are strongly in touch with the powers
                  | of death. [Mummy growth]
113448 | Abyss:4  | Reached XP level 26. HP: 102/193 MP: 15/42
113448 | Abyss:4  | Reached XP level 27. HP: 105/199 MP: 15/42
113448 | Abyss:4  | Got an abyssal rune of Zot
113897 | Depths:3 | Escaped the Abyss
114147 | Hell     | Entered the Vestibule of Hell
114176 | Hell     | Noticed Geryon
114188 | Hell     | Reached skill level 21 in Air Magic
114347 | Hell     | Killed Geryon
114811 | Depths:3 | Found an ancient bone altar of Kikubaaqudgha.
114955 | Depths:3 | Found a one-way gate leading to the halls of Pandemonium.
116868 | Depths:3 | Found a one-way gate leading to the halls of Pandemonium.
116959 | Depths:3 | Found an ancient bone altar of Kikubaaqudgha.
118086 | Hell     | Found a gateway to the Iron City of Dis.
118197 | Pan      | Entered Pandemonium
118197 | Pan      | Identified the +6 short sword of Ru's Vengeance {vorpal,
                  | rF+ Stlth+}
118198 | Pan      | Identified the +3 scale mail of Restlessness {rC+ Will-
                  | Int+5}
118913 | Pan      | Found a huge runed translucent gate.
119532 | Pan      | Found a huge runed translucent gate.
119544 | Pan      | Found a huge runed translucent gate.
119544 | Pan      | Found a huge runed translucent gate.
119732 | Pan      | Noticed Koyj the pandemonium lord
119860 | Pan      | Found a huge runed translucent gate.
119861 | Pan      | Found a huge runed translucent gate.
119862 | Pan      | Found a huge runed translucent gate.
119873 | Pan      | Killed Koyj the pandemonium lord
122061 | Pan      | Found an exit through the horrors of the Abyss.
122516 | Pan      | Noticed Vuosuun the pandemonium lord
122533 | Pan      | Killed Vuosuun the pandemonium lord
123330 | Pan      | Learned a level 7 spell: Spellforged Servitor
124530 | Pan      | Reached skill level 10 in Stealth
124604 | Pan      | Upgraded the game from 0.29-a0-111-gbaf749a769 to
                  | 0.29-a0-118-g06d03a830b
124605 | Pan      | Noticed Bithyh the pandemonium lord
124608 | Pan      | Entered the realm of Gloorx Vloq.
127635 | Pan      | Reached skill level 10 in Dodging
127708 | Pan      | Reached skill level 15 in Spellcasting
128396 | Pan      | Noticed Gloorx Vloq
132693 | Pan      | Reached skill level 1 in Earth Magic
132974 | Pan      | Learned a level 8 spell: Lehudib's Crystal Spear
133930 | Pan      | Reached skill level 5 in Earth Magic
134486 | Pan      | Killed Gloorx Vloq
134492 | Pan      | Got a dark rune of Zot
134940 | Pan      | Found an exit through the horrors of the Abyss.
135193 | Pan      | Noticed Darupniff the pandemonium lord
135211 | Pan      | Killed Darupniff the pandemonium lord
136337 | Pan      | Took an exit into the Abyss.
136337 | Abyss:1  | Escaped into the Abyss
136343 | Abyss:1  | Found a corrupted altar of Lugonu.
136364 | Abyss:1  | Found a corrupted altar of Lugonu.
136366 | Depths:3 | Escaped the Abyss
136482 | Hell     | Found a gateway to the freezing wastes of Cocytus.
136544 | Hell     | Found a gateway to the decaying netherworld of Tartarus.
136584 | Hell     | Found a gateway to the ashen valley of Gehenna.
136657 | Hell     | Upgraded the game from 0.29-a0-118-g06d03a830b to
                  | 0.29-a0-121-g8efb068a30
136903 | Zot:2    | Reached skill level 5 in Summonings
137190 | Zot:2    | Identified the +7 mace "Xudghyvoe" {drain, Str+2}
137405 | Zot:2    | Identified Sif Muna's Catalogue of The Black Sun
137523 | Zot:2    | Reached skill level 1 in Necromancy
137524 | Zot:2    | Noticed an orb of fire
137538 | Zot:2    | Killed an orb of fire
138222 | Zot:3    | Reached skill level 5 in Necromancy
139731 | Zot:3    | Learned a level 8 spell: Infestation
142199 | Zot:4    | Reached skill level 10 in Necromancy
143336 | Zot:5    | Entered Level 5 of the Realm of Zot
143478 | Zot:5    | Identified the Guide on Creation and Stones
144461 | Coc:1    | Entered Level 1 of Cocytus
145123 | Dis:1    | Entered Level 1 of the Iron City of Dis
145135 | Dis:1    | Noticed a dread lich
145155 | Dis:1    | Killed a dread lich
147229 | Dis:3    | Demolished by an iron giant

Illustrated notes

Levels and vault maps discovered:
D:1:      zelgadis_glass_arrival_large, layout_basic,
          dreamdust_ecumenical_altar_sealed_demon, minivault_4
D:2:      minmay_chambers_of_ones, layout_basic, basic_altar,
          minmay_goblin_outpost
D:3:      layout_basic, uniq_jessica
D:4:      layout_basic, nicolae_tso_swordbearing_angel, elyvilon_altar_4,
          minmay_temple_entry_glass, minmay_mini_ossuary, uniq_blork_the_orc,
          uniq_eustachio
D:5:      layout_gridville, grunt_gozag_statues, old_standard_altar,
          xom_redecorated, uniq_sigmund, uniq_pikel
D:6:      layout_basic, mainiacjoe_overflow_alcove_2
D:7:      layout_basic, grunt_temple_overflow_growth_and_decay
D:8:      minmay_spotlight, layout_loops_ring, nicolae_hepliaklqana_hazy_memory,
          serial_co_window_serial, co_window_corner_a, co_window_corner_a,
          co_window_of_opportunity_a, co_window_corner_a, co_window_paths_a,
          co_window_2corner, co_window_of_opportunity_b, co_window_broadway_b,
          co_window_broadway_b, co_window_corner_cb, co_window_corner_b,
          co_window_paths_e, glass_columns_a, glass_columns_a, glass_columns_c
D:9:      layout_cave_pools, vehumet_crystals, erik_lair_island
D:10:     layout_basic, mainiacjoe_overflow_surrounded_room,
          nemelex_spade_bored_becter, hangedman_weighted_door,
          serial_bayou_pond_b
D:11:     layout_long_grid, nicolae_trove_entry_isolated, uniq_maurice,
          uniq_erica, uniq_erolcha, uniq_fannar
D:12:     layout_gridville, david_orc_4, gauntlet_entry_generic
D:13:     layout_long_grid, david_vaults_3, gammafunk_ghost_split,
          minmay_guarded_unrand_resistance
D:14:     layout_loops_corners, uniq_jorgrun
D:15:     grunt_enter_depths_hoard, layout_long_grid,
          nicolae_ru_great_annihilating_truth
Temple:   cyrus_temple_forest
Lair:1:   layout_layer_cave, serial_bayou_pond_b, st_stairs_12,
          serial_bayou_shore_a
Lair:2:   layout_hall_layers, minmay_shoals_entry_centaurs,
          guppyfry_snake_entry_garden
Lair:3:   layout_regular_city
Lair:4:   layout_gridlike, ice2_lemuel, grunt_megastairs_2, lemuel_fruit_fields,
          uniq_urug
Lair:5:   layout_cave_pods, slime_altar_1, dreamdust_deal_with_the_devil,
          patterned_corridor
Lair:6:   due_jungle_book, layout_layer_cave, ebering_ghost_reflecting_pool,
          hangedman_lair_unloving_vines
Shoals:1: layout_shoals, nzn_prometheus_bound
Shoals:2: layout_shoals, uniq_ilsuiw, uniq_frances, uniq_nikola
Shoals:3: layout_shoals, serial_shops, nicolae_shop_window_shopping, shop,
          nicolae_shop_bloodbath_and_beyond, nicolae_shoals_elemental_ambush
Shoals:4: shoals_end_hangedman, layout_shoals, nicolae_shoals_this_corrosion
Snake:1:  cheibrodos_snake_ritualist_ritual, layout_gridlike,
          serial_bayou_shore_b, uniq_donald
Snake:2:  layout_layer_cave
Snake:3:  layout_grid_maze, basic_altar, portal_ice_cave_entry_pillars_1,
          serial_bayou_shore_b
Snake:4:  hellmonk_snake_rune_quicksilver_temple, layout_rooms,
          nicolae_snake_lava_pool, minmay_shoptagon, uniq_aizul, uniq_asterion
Slime:1:  layout_caves
Slime:2:  layout_caves, uniq_dissolution
Slime:3:  layout_caves
Slime:4:  layout_caves
Slime:5
Orc:1:    layout_diamond_mine
Orc:2:    st_orc_town, layout_caves, basic_altar, bh_open_orc_temple
Elf:1:    minmay_elf_arrival_plus, layout_loops_corners, serial_shops,
          shop_statue, shop, shop, minmay_elf_sorcery, st_stairs_14
Elf:2:    elven_hall_of_blades_hangedman_original
          [nicolae_blade_entry_hurt_lockers], layout_onion_city
Elf:3:    minmay_elf_hall_x, layout_loops_cross, serial_shops, freezing_bzr
Vaults:1: st_squares, hangedman_vaults_stagger, grunt_vaults_swirl, v_pattern_2,
          v_misc_19, ontoclasm_vaults_pinch, ontoclasm_vaults_ligature,
          layout_vaults_quadrants, serial_shops, shop
Vaults:2: vaults_standard_mumra_x, v_misc_5, v_misc_29,
          minmay_crypt_entry_simple_box, v_misc_29,
          nicolae_vaults_diagonal_hallway_8, hangedman_vaults_slither,
          nicolae_vaults_diagonal_hallway_8, grunt_vaults_bifocal,
          nicolae_vaults_angled_halls, vaults_dpeg_ring, v_alt_pattern_3,
          ontoclasm_vaults_ring_small, v_misc_24, hangedman_vaults_nails,
          layout_vaults_omnibox
Vaults:3: ontoclasm_vaults_hangar, hangedman_vaults_snaps, v_misc_2,
          nicolae_vaults_asterisk, nicolae_vaults_little_squares_1,
          vaults_dpeg_cross, nicolae_vaults_quartermaster, vaults_room_grid,
          grunt_vaults_hallway_long, hangedman_vaults_capsules,
          nicolae_vaults_shelves_hall, nicolae_vaults_rhombus_6,
          ontoclasm_vaults_loading_screen, vaults_dpeg_hooks, vaults_room_pool,
          layout_vaults_chaotic_city, serial_shops, shop
Vaults:4: hangedman_vaults_hard_town_square, vaults_room_hallway,
          nicolae_vaults_ring_of_whatevers, v_misc_5, vaults_room_door_hall,
          vaults_room_large_hall, nicolae_vaults_asterisk,
          hangedman_vaults_trim, nicolae_vaults_little_squares_4,
          vaults_room_pool, nicolae_vaults_little_squares_6,
          hangedman_vaults_stream, layout_vaults_omnicross
Vaults:5
Crypt:1:  layout_catacombs
Crypt:2:  layout_rooms, infiniplex_enter_wizlab_glasses, uniq_margery
Crypt:3:  quadcrypt_mu
Depths:1: layout_roguey [special_room_morgue], kennysheep_nub,
          pf_hell_entry_great_geh, serial_shops, nicolae_square_shop, drop_trap,
          feat_on_display, minmay_shop_star
Depths:2: lemuel_river_lethe, hell_entry, pan_entry, abyss_entry
Depths:3: minmay_shrinking_squares, layout_gridlike, grunt_mini_vestibule,
          abyss_entry, kiku_gazebo_pond_becter, grunt_pan_entry_zigzag,
          minmay_fractal_squares_diagonal_5, serial_bayou_shore_b
Depths:4: evilmike_zot_entry_round, layout_gridlike, enter_ziggurat_f,
          chequers_serial_rivers_micro_e, hell_entry, tgw_sif, minmay_shop_grove
Hell
Dis:1:    layout_subdivisions
Dis:2:    layout_overlapping_boxes
Dis:3:    layout_gridville
Coc:1:    layout_cocytus_delve
Zot:1:    layout_cellular_growth, zot_minivault_8, grunt_megastairs_3
Zot:2:    dreamdust_black_sun_cult, layout_misc_corridors, grunt_megastairs_4
Zot:3:    circus_mu, layout_misc_corridors
Zot:4:    lemuel_acid_trip, layout_onion_interference
Zot:5:    layout_twisted_circle, drop_trap, hangedman_zot_decor_tridents,
          lemuel_baited_zot_trap, st_stairs_3

Skill      XL: |  1  2  3  4  5  6  7  8  9 10 11 12 13 14 15 16 17 18 19 20 21 22 23 24 25 26 27 |
---------------+----------------------------------------------------------------------------------+-----
Conjurations   | 4 5 6 8 9 10 11 13 15 16 17 18 19 20 | 20.9
Spellcasting   | 3 4 6 8 9 10 11 12 13 16 | 16.8
Fighting       | 1 2 3 4 5 8 9 10 12 | 12.4
Armour         | 1 2 3 4 5 6 7 9 11 12 14 | 14.0
Stealth        | 2 4 5 6 7 9 10 | 10.8
Long Blades    | 1 2 3 5 6 7 8 9 11 14 | 14.1
Hexes          | 4 6 7 8 9 |  9.5
Evocations     | 2 3 4 6 8 |  8.6
Shields        | 2 3 4 5 8 9 10 12 | 12.0
Transmutations | 3 6 7 8 9 10 11 12 | 12.0
Dodging        | 2 3 5 6 7 8 10 | 10.7
Translocations | 2 |  2.0
Summonings     | 3 5 |  5.6
Throwing       | 1 |  1.9
Air Magic      | 2 5 11 15 18 19 20 21 | 21.6
Earth Magic    | 9 |  9.7
Necromancy     | 14 | 14.7

Action                   |  1- 3 |  4- 6 |  7- 9 | 10-12 | 13-15 | 16-18 | 19-21 | 22-24 | 25-27 || total
-------------------------+-------+-------+-------+-------+-------+-------+-------+-------+-------++-------
Melee: Spear             |    11 |       |       |       |       |       |       |       |       ||    11
       Punch             |     1 |       |       |       |       |       |       |       |       ||     1
       Whip              |       |     2 |       |       |       |       |       |       |       ||     2
       Long sword        |       |     6 |    34 |   191 |   477 |   384 |   504 |   714 |  1851 ||  4161
Throw: Dart              |       |       |       |       |       |     2 |     1 |       |       ||     3
 Cast: Magic Dart        |    19 |    26 |     2 |     1 |     2 |       |       |       |       ||    50
       Searing Ray       |    32 |    38 |    57 |    26 |     4 |       |     3 |       |       ||   160
       Fulminant Prism   |       |       |    15 |    83 |   159 |   185 |   146 |    52 |     1 ||   641
       Dazzling Flash    |       |       |       |     4 |       |       |       |       |       ||     4
       Irradiate         |       |       |       |    36 |   160 |   362 |   375 |   295 |   178 ||  1406
       Iron Shot         |       |       |       |       |       |     4 |       |       |       ||     4
       Summon Mana Viper |       |       |       |       |       |     4 |       |       |       ||     4
       Blink             |       |       |       |       |       |     3 |       |       |     2 ||     5
       Conjure Ball Ligh |       |       |       |       |       |       |    19 |       |       ||    19
       Orb of Destructio |       |       |       |       |       |       |    88 |   198 |   318 ||   604
       Swiftness         |       |       |       |       |       |       |     2 |     4 |     8 ||    14
       Iskenderun's Myst |       |       |       |       |       |       |     1 |       |       ||     1
       Chain Lightning   |       |       |       |       |       |       |       |    58 |   139 ||   197
       Maxwell's Capacit |       |       |       |       |       |       |       |     7 |   227 ||   234
       Lightning Bolt    |       |       |       |       |       |       |       |     3 |       ||     3
       Spellforged Servi |       |       |       |       |       |       |       |       |    64 ||    64
       Lehudib's Crystal |       |       |       |       |       |       |       |       |    37 ||    37
       Infestation       |       |       |       |       |       |       |       |       |    16 ||    16
Invok: Curse Item        |       |       |     4 |     2 |       |     4 |     2 |     2 |     2 ||    16
       Shatter the Chain |       |       |       |       |       |     1 |     2 |     3 |     1 ||     7
Evoke: Wand              |       |       |       |       |     1 |       |     9 |     3 |     1 ||    14
       Lightning rod     |       |       |       |       |       |       |     6 |     6 |       ||    12
       Condenser vane    |       |       |       |       |       |       |     4 |     4 |     1 ||     9
       Phantom mirror    |       |       |       |       |       |       |       |     1 |     3 ||     4
       Box of beasts     |       |       |       |       |       |       |       |       |     1 ||     1
       Horn of Geryon    |       |       |       |       |       |       |       |       |     1 ||     1
  Use: Scroll            |       |       |     8 |     2 |     6 |     2 |     7 |    12 |    31 ||    68
 Stab: Sleeping          |       |     1 |     2 |       |    11 |     8 |    11 |    14 |     1 ||    48
       Invisible         |       |       |       |     2 |       |       |       |       |       ||     2
       Distracted        |       |       |       |     1 |     2 |     4 |     7 |     5 |    12 ||    31
       Paralysed         |       |       |       |       |       |     1 |       |       |       ||     1
Armor: Robe              |     4 |     2 |       |       |       |       |       |       |       ||     6
       Leather armour    |       |     3 |    11 |       |       |       |       |       |       ||    14
       Ring mail         |       |       |    32 |   134 |   223 |   397 |   236 |   254 |       ||  1276
       Steam dragon scal |       |       |     6 |       |       |       |       |       |       ||     6
       Quicksilver drago |       |       |       |       |       |       |       |   168 |   310 ||   478
       Fire dragon scale |       |       |       |       |       |       |       |       |  1173 ||  1173
Dodge: Dodged            |    17 |    17 |    65 |   251 |   496 |   517 |   263 |   394 |   954 ||  2974
Block: Buckler           |       |       |     2 |   126 |   265 |   289 |       |       |       ||   682
       Kite shield       |       |       |       |       |       |    55 |   590 |   957 |  2382 ||  3984
       Reflection        |       |       |       |       |       |       |    27 |    30 |    41 ||    98

Table legend: (Time is in decaauts)
 A = Elapsed time spent in this place.
 B = Non-inter-level travel time spent in this place.
 C = Inter-level travel time spent in this place.
 D = Time resting spent in this place.
 E = Time spent auto-exploring this place.
 F = Levels seen in this place.
 G = Mean time per level.
                   A        B        C        D        E       F      G
               +--------+--------+--------+--------+--------+-----+--------+
         Total | 147653 | 137428 |  10225 |  34331 |  72454 |  81 | 1822.9 |
       Dungeon |  22935 |  19476 |   3459 |   2789 |  13115 |  15 | 1529.0 |
        Temple |    149 |     78 |     71 |      0 |     61 |   1 |  149.0 |
          Lair |  11971 |  11171 |    800 |   2527 |   6379 |   6 | 1995.2 |
        Shoals |   7134 |   6968 |    166 |   1438 |   4100 |   4 | 1783.5 |
     Snake Pit |   8724 |   8020 |    704 |   1585 |   4940 |   4 | 2181.0 |
    Slime Pits |   7331 |   7002 |    329 |   4039 |   1632 |   5 | 1466.2 |
  Orcish Mines |   3008 |   2555 |    453 |   1335 |    750 |   2 | 1504.0 |
   Elven Halls |   7493 |   6920 |    573 |   1028 |   4002 |   3 | 2497.7 |
        Vaults |  16600 |  15160 |   1440 |   3071 |   9724 |   5 | 3320.0 |
         Crypt |   5490 |   5140 |    350 |    745 |   3301 |   3 | 1830.0 |
        Depths |  18142 |  16786 |   1356 |   6083 |   7729 |   4 | 4535.5 |
          Hell |   1979 |   1871 |    108 |   1443 |    228 |   1 | 1979.0 |
           Dis |    981 |    981 |      0 |    334 |    121 |   3 |  327.0 |
       Cocytus |    239 |    239 |      0 |      0 |    184 |   1 |  239.0 |
           Zot |  10349 |   9938 |    411 |   4096 |   3898 |   5 | 2069.8 |
         Abyss |   3410 |   3410 |      0 |    649 |    475 |  11 |  310.0 |
   Pandemonium |  17831 |  17831 |      0 |   2732 |   9550 |   5 | 3566.2 |
        Bazaar |    190 |    190 |      0 |      0 |    151 |   1 |  190.0 |
      Ice Cave |   1934 |   1934 |      0 |    437 |    992 |   1 | 1934.0 |
        Wizlab |   1753 |   1753 |      0 |      0 |   1119 |   1 | 1753.0 |
               +--------+--------+--------+--------+--------+-----+--------+

Top non-repeatable levels by time:
Depths:3: 5929 daAuts
Depths:2: 5495 daAuts
Vaults:4: 5015 daAuts
Depths:1: 3377 daAuts
 Crypt:3: 3352 daAuts
   Elf:3: 3348 daAuts
Depths:4: 3339 daAuts
 Snake:3: 3296 daAuts
   Zot:3: 3278 daAuts
Vaults:1: 3240 daAuts
Vaults:2: 3233 daAuts
  Lair:6: 2941 daAuts
   Zot:1: 2773 daAuts
  Lair:2: 2685 daAuts
Vaults:3: 2556 daAuts
